 Dungeon Crawl Stone Soup version 0.28-a0-1485-g077359a4bf (webtiles) character file.

Game seed: 8101439873440299585

4 sanka the Caller (level 1, 0/13 HPs)
             Began as a Gnoll Summoner on Jan 11, 2022.
             Frozen to death by an endoplasm (3 damage)
             ... on level 1 of the Dungeon.
             The game lasted 00:00:34 (267 turns).

sanka the Caller (Gnoll Summoner)                    Turns: 267, Time: 00:00:34

Health: 0/13       AC:  2    Str:  7    XL:     1   Next: 70%
Magic:  6/6        EV: 13    Int: 14    God:
Gold:   8          SH:  0    Dex: 12    Spells: 8/9 levels left

rFire   . . .      SeeInvis .   (no weapon)
rCold   . . .      Faith    .   (no shield)
rNeg    . . .      Spirit   .   a - +0 robe
rPois   .          Reflect  .   (no helmet)
rElec   .          Harm     .   (no cloak)
rCorr   .          Rampage  .   (no gloves)
Will    .....                   (no boots)
Stlth   ++........              (no amulet)
HPRegen 0.04/turn               (no ring)
MPRegen 0.10/turn               (no ring)

@: no status effects
A: fangs 1, strong nose, distributed training
a: no special abilities


You were on level 1 of the Dungeon.
You visited 1 branch of the dungeon, and saw 1 of its levels.

You collected 8 gold pieces.


Innate Abilities, Weirdness & Mutations

You have very sharp teeth.
Your uncanny sense of smell can sniff out nearby items.
Your experience applies equally to all skills.


   Skills:
 + Level 0.1 Fighting
 + Level 0.1 Short Blades
 + Level 0.1 Long Blades
 + Level 0.1 Axes
 + Level 0.1 Maces & Flails
 + Level 0.1 Polearms
 + Level 0.1 Staves
 + Level 0.1 Slings
 + Level 0.1 Bows
 + Level 0.1 Crossbows
 + Level 0.1 Throwing
 + Level 0.1 Armour
 + Level 4.4 Dodging
 + Level 4.0 Stealth
 + Level 0.1 Shields
 + Level 0.1 Unarmed Combat
 + Level 4.9 Spellcasting
 + Level 0.1 Conjurations
 + Level 0.1 Hexes
 + Level 7.0 Summonings
 + Level 0.1 Necromancy
 + Level 0.1 Translocations
 + Level 0.1 Transmutations
 + Level 0.1 Fire Magic
 + Level 0.1 Ice Magic
 + Level 0.1 Air Magic
 + Level 0.1 Earth Magic
 + Level 0.1 Poison Magic
 + Level 0.2 Invocations
 + Level 0.1 Evocations


You had 8 spell levels left.
You knew the following spells:

 Your Spells              Type           Power      Damage    Failure   Level
z - Summon Small Mammal   Summ           92%        N/A       1%          1

Your spell library contained the following spells:

 Spells                   Type           Power      Damage    Failure   Level
 Call Imp                 Summ           23%        N/A       1%          2
 Call Canine Familiar     Summ           23%        N/A       3%          3
 Summon Guardian Golem    Hex/Summ       13%        N/A       12%         3
 Summon Lightning Spire   Summ/Air       13%        N/A       38%         4

Inventory:

Armour
 a - a +0 robe (worn)
Potions
 b - a potion of heal wounds {unknown}

Dungeon Overview and Level Annotations

Branches:
Dungeon (1/15)

Altars:

......▒▒..▒.... ▒....
▒..▒..... ▒.. ▒▒.. ▒.▒▒▒..▒▒
▒▒.▒ ▒.▒▒▒▒▒▒▒▒.▒▒▒
▒▒..▒▒▒▒▒.............▒
▒......▒▒.▒ ▒▒▒▒▒▒▒.▒.▒
▒.........▒▒▒.......▒.▒ . ▒
▒..........▒▒....▒▒.▒.▒
....▒.▒▒)....g....▒▒.......▒..
............Jr..>.▒........▒▒▒
........▒▒▒.▒.................
..........▒.▒.............▒▒▒.
..........................▒ ▒.
........▒.▒.........▒▒▒▒▒▒▒ ▒▒
..........▒........▒▒
.......▒▒▒▒..▒▒†......▒
....... .....▒▒.......▒


You could see an endoplasm (ally target) and a friendly rat (summoned).


Message History

Your rat barely misses the endoplasm.
The endoplasm freezes you.
You are frozen.
* * * LOW HITPOINT WARNING * * *
You hit the endoplasm but do no damage. You bite the endoplasm.
The endoplasm is lightly wounded.
Your rat barely misses the endoplasm.
The endoplasm misses you.
You hit the endoplasm but do no damage.
The endoplasm is lightly wounded.
Your rat bites the endoplasm.
The endoplasm hits you.
* * * LOW HITPOINT WARNING * * *
You hit the endoplasm but do no damage.
The endoplasm is moderately wounded.
Your rat barely misses the endoplasm.
The endoplasm hits you.
* * * LOW HITPOINT WARNING * * *
You hit the endoplasm but do no damage.
You punch the endoplasm, but do no damage.
The endoplasm is moderately wounded.
Your rat bites the endoplasm.
The endoplasm barely misses you.
You hit the endoplasm.
The endoplasm is almost dead.
Your rat barely misses the endoplasm.
The endoplasm freezes you.
You are frozen.
You die...

Action                   || total
-------------------------++-------
Melee: Unarmed           ||    34
       Bite              ||     4
       Punch             ||     1
 Cast: Summon Small Mamm ||     3
 Stab: Distracted        ||     1
Armor: Robe              ||     7
Dodge: Dodged            ||    33

Levels and vault maps discovered:
D:1:      elethiomel_arrival_infinity_welcomes_careful_drivers, layout_basic,
          basic_ecumenical_altar

Notes
Turn   | Place    | Note
-------+----------+-------------------------------------------
     0 | D:1      | sanka the Gnoll Summoner began the quest for the Orb.
     0 | D:1      | Reached XP level 1. HP: 13/13 MP: 6/6
   267 | D:1      | Frozen to death by an endoplasm

Vanquished Creatures
  A bat (D:1)
  A giant cockroach (D:1)
2 creatures vanquished.

Vanquished Creatures (collateral kills)
  2 goblins (D:1)
2 creatures vanquished.

Grand Total: 4 creatures vanquished
